 Dungeon Crawl Stone Soup version 0.30.0-5-g1a98f26d00 (webtiles) character file.

Game seed: 13029211047309534164

5191 bmack86 the Cleaver (level 10, -3/80 HPs)
             Began as a Minotaur Fighter on May 9, 2023.
             Was an Elder of Okawaru.
             Slain by a hornet (10 damage)
             ... on level 9 of the Dungeon.
             The game lasted 00:16:33 (8275 turns).

bmack86 the Cleaver (Minotaur Fighter)              Turns: 8275, Time: 00:16:34

Health: -3/80      AC: 18    Str: 24    XL:     10   Next: 34%
Magic:  12/12      EV:  8    Int:  5    God:    Okawaru [****..]
Gold:   276        SH:  5    Dex: 11    Spells: 9/9 levels left

rFire   . . .        a - +1 war axe
rCold   . . .        c - +0 buckler
rNeg    . . .        w - +3 chain mail {Will+}
rPois   .            (helmet restricted)
rElec   .            B - +0 cloak
rCorr   .            C - +2 pair of gloves
SInv    .            (no boots)
Will    +....        q - amulet of faith Stlth
                     (no ring)
HPRegen 0.33/turn    (no ring)
MPRegen 0.13/turn

%: faith
@: lethally poisoned (-3 -> -19), slowed, very slow
A: horns 2, retaliatory headbutt, frail 1, wild magic 1
a: Renounce Religion, Heroism, Finesse


You were on level 9 of the Dungeon.
You worshipped Okawaru.
Okawaru was greatly pleased with you.
You visited 2 branches of the dungeon, and saw 10 of its levels.
You also visited: Sewer.

You collected 594 gold pieces.
You spent 318 gold pieces at shops.

Inventory:

Hand Weapons
 a - a +1 war axe (weapon)
Missiles
 r - 44 poisoned darts (quivered)
 x - 3 boomerangs
 z - a throwing net
 A - 2 javelins
Armour
 c - a +0 buckler (worn)
 o - a +0 plate armour
 w - a +3 chain mail of willpower (worn)
 B - a +0 cloak (worn)
 C - a +2 pair of gloves (worn)
Jewellery
 p - a ring of magical power
 q - an amulet of faith (around neck)
Wands
 n - a wand of flame (17)
 y - a wand of polymorph (8)
Scrolls
 e - 2 scrolls of poison
 h - 2 scrolls of fog
 j - a scroll of teleportation
Potions
 b - a potion of attraction {unknown}
 d - 3 potions of might
 f - 3 potions of haste
 g - 2 potions of lignification
 i - 2 potions of cancellation
 k - 2 potions of brilliance
 l - a potion of berserk rage
 m - 2 potions of curing
 s - a potion of flight
 t - a potion of invisibility
 u - 2 potions of magic


   Skills:
 + Level 8.3 Fighting
 * Level 10.6 Axes
 + Level 4.9 Throwing
 + Level 8.2 Armour
 + Level 8.1 Shields
 + Level 4.5 Invocations


You had 9 spell levels left.
You didn't know any spells.
Your spell library contained the following spells:

 Spells                   Type           Power      Damage    Failure   Level
 Apportation              Tloc           0%         N/A       98%         1
 Necrotise                Necr           0%         1d4       98%         1
 Sandblast                Erth           0%         2d4       98%         1
 Passwall                 Tmut/Erth      0%         N/A       99%         2
 Stone Arrow              Conj/Erth      0%         3d7       100%        3
 Alistair's Intoxication  Tmut/Pois      0%         N/A       100%        5
 Summon Small Mammal      Summ           Unusable   N/A       N/A         1

Dungeon Overview and Level Annotations

Branches:
Dungeon (9/15)             Temple (1/1) D:5           Sewer (visited)
   Lair: D:8-11         Orc: D:9-12

Altars:
Ashenzari
Dithmenos
Elyvilon
Nemelex Xobeh
Okawaru
Qazlal
Ru
Trog
Uskayaw
Vehumet
Wu Jian
The Shining One

Shops:
D:1 (   D:6 [[??*

Annotations:
D:4 2 transporters, rundlesten's ghost, amateur OpEE
D:8 exclusion: ice statue


Innate Abilities, Weirdness & Mutations

You have a pair of horns on your head.
You reflexively headbutt those who attack you in melee.
You are frail. (-10% HP)
Your spells are a little harder to cast, but a little more powerful.


Message History

The orc warrior is heavily wounded.
You closely miss something. You hit the hornet.
You feel very sick. The hornet completely misses you.
The orc warrior hits you but does no damage.
Something hits you but does no damage. The hornet barely misses you.
The orc warrior barely misses you.
You hear some strange, mumbled words.
Something tries to affect you, but you resist.
You slash the orc warrior! You headbutt the orc warrior.
You kill the orc warrior!
Okawaru accepts your kill.
You miss something. You hit the hornet.
You feel very sick.
The hornet stings you but does no damage.
You block the hornet's attack. Something hits you but does no damage.
The hornet stings you but does no damage.
Found 2 potions of curing.
You feel very sick. The hornet stings you.
You are more poisoned.
You feel as though you will be slow longer.
You hear some strange, mumbled words.
A puff of flame appears from out of thin air!
The puff of flame hits you! The hornet closely misses you.
Something hits you but does no damage.
Things that are here:
a +0 war axe; a +0 plate armour; an orc corpse You slash something!
You barely miss the hornet.
You feel very sick. The hornet stings you!
* * * LOW HITPOINT WARNING * * *
You are lethally poisoned!
You feel as though you will be slow longer.
You block the hornet's attack. Something hits you but does no damage.
You barely miss something. You barely miss the hornet.
* * * LOW HITPOINT WARNING * * *
You feel extremely sick. The hornet stings you!
You die...

# #.# # #.# # #.###
# #...# # ###!# #
#.# # #.# #
#######'## ######
........y@{#
.....#............#
.....#............#
........ .........#
......# .........#
......# .........#
.<....# .........#
......# ....!....#
.....##


You could see a hornet.

Vanquished Creatures
  Harold (D:9)
  A two-headed ogre (D:9)
  A wyvern (D:7)
  3 yaks (D:9)
  A steam dragon (D:9)
  Menkaure (D:4)
  3 orc warriors
  An ice beast (D:5)
  A sky beast (D:7)
  3 centaurs
  An ogre (D:5)
  6 kobold brigands
  5 bullfrogs
  A scorpion (D:6)
  7 wights
  3 killer bees (D:8)
  5 howler monkeys
  5 hounds
  A sleepcap (D:5)
  7 orc priests
  Ijyb (D:5)
  A gnoll bouda (D:5)
  An iguana (D:6)
  3 orc wizards
  7 gnolls
  9 adders
  4 river rats
  3 white imps (D:6)
  An ufetubus (D:6)
  7 worms
  2 dart slugs
  36 orcs
  10 ball pythons
  6 endoplasms
  4 giant cockroaches
  10 goblins
  7 hobgoblins
  18 kobolds
  A quokka (D:3)
  10 bats
  4 frilled lizards
  17 rats
219 creatures vanquished.

Notes
Turn   | Place    | Note
-------+----------+-------------------------------------------
     0 | D:1      | bmack86 the Minotaur Fighter began the quest for the Orb.
     0 | D:1      | Reached XP level 1. HP: 19/19 MP: 0/0
     6 | D:1      | Noticed a killer bee
     6 | D:1      | Noticed a black bear
     6 | D:1      | Noticed a swamp drake
     7 | D:1      | Noticed a snapping turtle
     7 | D:1      | Noticed a water moccasin
    42 | D:1      | Found Natiato's Weapon Boutique.
    95 | D:1      | Reached XP level 2. HP: 22/27 MP: 1/1
   191 | D:1      | Reached skill level 3 in Axes
   776 | D:1      | Reached XP level 3. HP: 33/33 MP: 2/2
  1613 | D:3      | Reached XP level 4. HP: 38/40 MP: 3/3
  1630 | D:3      | Reached skill level 4 in Axes
  1878 | D:3      | Found a sacrificial altar of Ru.
  1984 | D:3      | Identified the +7 short sword "Tabat" {freeze, Fly MP+9
                  | Stlth+}
  2039 | D:4      | Noticed Menkaure
  2045 | D:4      | Killed Menkaure
  2046 | D:4      | Reached XP level 5. HP: 35/47 MP: 4/4
  2063 | D:4      | Reached skill level 5 in Axes
  2177 | D:4      | Reached XP level 6. HP: 55/55 MP: 5/5
  2308 | D:4      | Noticed rundlesten's ghost (amateur OpEE)
  2314 | D:4      | Found a transporter.
  2346 | D:4      | Found a transporter.
  2847 | D:5      | Entered Level 5 of the Dungeon
  2850 | D:5      | Gained mutation: You possess an exceptional clarity of
                  | mind. [potion of mutation]
  2850 | D:5      | Gained mutation: Your muscles are strong. (Str +4, Int/Dex
                  | -1) [potion of mutation]
  2851 | D:5      | Lost mutation: Your muscles are strong. (Str +4, Int/Dex
                  | -1) [potion of mutation]
  2851 | D:5      | Lost mutation: You possess an exceptional clarity of mind.
                  | [potion of mutation]
  2851 | D:5      | Gained mutation: You are frail. (-10% HP) [potion of
                  | mutation]
  2851 | D:5      | Gained mutation: Your spells are a little harder to cast,
                  | but a little more powerful. [potion of mutation]
  2914 | D:5      | Reached skill level 5 in Fighting
  2914 | D:5      | Reached skill level 5 in Armour
  2984 | D:5      | Found a radiant altar of Vehumet.
  3020 | D:5      | Reached skill level 5 in Shields
  3131 | D:5      | Found a staircase to the Ecumenical Temple.
  3173 | D:5      | Noticed Ijyb
  3196 | D:5      | Killed Ijyb
  3347 | D:5      | Reached skill level 6 in Axes
  3374 | D:5      | Found a glowing drain.
  3383 | D:5      | Reached XP level 7. HP: 50/54 MP: 6/6
  3389 | Sewer    | Entered a sewer
  3915 | D:5      | Reached skill level 1 in Throwing
  3928 | Temple   | Entered the Ecumenical Temple
  3938 | Temple   | Became a worshipper of Warmaster Okawaru
  3976 | D:5      | Reached skill level 7 in Axes
  4120 | D:5      | Reached XP level 8. HP: 61/63 MP: 7/7
  4360 | D:6      | Reached skill level 1 in Invocations
  4576 | D:6      | Found Neramyx's Magic Scroll Shoppe.
  4603 | D:6      | Bought a scroll of identify for 30 gold pieces
  4603 | D:6      | Bought a scroll of identify for 30 gold pieces
  4654 | D:6      | Found Leam Rir's Magic Scroll Emporium.
  4674 | D:6      | Found Koxaijy's General Store.
  4678 | D:6      | Reached * piety under Okawaru
  4684 | D:6      | Bought a +0 pair of gloves for 63 gold pieces
  4845 | D:6      | Reached skill level 8 in Axes
  5132 | D:6      | Found Vyen's Antique Armour Shop.
  5140 | D:6      | Bought a glowing chain mail for 195 gold pieces
  5169 | D:6      | Found Hadiec's Antique Armour Boutique.
  5367 | D:7      | Reached ** piety under Okawaru
  6105 | D:7      | Reached XP level 9. HP: 64/71 MP: 8/10
  6395 | D:7      | Found a stormy altar of Qazlal.
  6820 | D:8      | Reached skill level 9 in Axes
  7049 | D:8      | Reached *** piety under Okawaru
  7400 | D:8      | Found a hide-covered altar of Uskayaw.
  7723 | D:8      | Noticed an ice statue
  7806 | D:9      | Noticed Harold
  7821 | D:9      | Killed Harold
  7821 | D:9      | Reached **** piety under Okawaru
  7822 | D:9      | Reached skill level 10 in Axes
  7822 | D:9      | Reached XP level 10. HP: 56/79 MP: 9/12
  7893 | D:9      | Noticed a two-headed ogre
  7903 | D:9      | Killed a two-headed ogre
  7903 | D:9      | Received a gift from Okawaru
  8135 | D:9      | Found a white marble altar of Elyvilon.
  8137 | D:9      | Found a bloodstained altar of Trog.
  8275 | D:9      | Slain by a hornet

Illustrated notes

Levels and vault maps discovered:
D:1:      onia_arrival_zoo_common, layout_loops_ring, serial_shops,
          nicolae_shop_advertising_works [nicolae_subvault_shop_adworks],
          nrook_campfire, amethyst_killhole
D:2:      layout_loops_ring, kennysheep_generic_room_5
D:3:      layout_rooms, nicolae_ru_path_of_blood, st_stairs_12
D:4:      layout_cave_pods, gammafunk_ghost_stat_death, uniq_menkaure
D:5:      layout_basic, mainiacjoe_overflow_cross_hatched,
          minmay_temple_entry_ruins, lightli_sewer_entry_pipes,
          hangedman_decor_riveting, uniq_ijyb
D:6:      layout_gridville, serial_shops, nicolae_shop_window_shopping, shop,
          shop, shop, shop
D:7:      layout_basic, nicolae_qazlal_beasts_of_the_sky, serial_aquarium,
          aquarium_bridge_square [aquarium_subvault_bridge,
          aquarium_subvault_bridge, aquarium_subvault_wall,
          aquarium_subvault_window], aquarium_bridge_long_joined
          [aquarium_subvault_wall, aquarium_subvault_window,
          aquarium_subvault_window, aquarium_subvault_wall,
          aquarium_subvault_wall, aquarium_subvault_bridge],
          aquarium_window_fake, aquarium_window_1, aquarium_view_2b,
          aquarium_view_2a, aquarium_balcony_double_4, aquarium_pool_side
D:8:      lemuel_ice_statue, layout_loops_ring,
          nicolae_uskayaw_murder_on_the_dancefloor
D:9:      layout_roguey, grunt_temple_overflow_open, minmay_variable_closet,
          uniq_harold
Temple:   nicolae_temple_bog_church

Skill      XL: |  1  2  3  4  5  6  7  8  9 10 |
---------------+-------------------------------+-----
Axes           | 3 4 5 6 7 8 10 | 10.6
Armour         | 4 5 6 7 8 |  8.2
Fighting       | 4 5 6 7 8 |  8.3
Shields        | 4 5 6 7 8 |  8.1
Throwing       | 1 3 4 |  4.9
Invocations    | 2 4 |  4.5

Action                     |  1- 3 |  4- 6 |  7- 9 | 10-12 || total
---------------------------+-------+-------+-------+-------++-------
  Melee: War axe           |    80 |   137 |   293 |    34 ||   544
         Headbutt          |    14 |    18 |    50 |    13 ||    95
  Throw: Dart              |       |       |    10 |       ||    10
 Invoke: Heroism           |       |       |     1 |     1 ||     2
    Use: Scroll            |     7 |     2 |     8 |     1 ||    18
         Potion            |       |     2 |       |       ||     2
 Armour: Scale mail        |    42 |    19 |       |       ||    61
         Chain mail        |       |     3 |    94 |    26 ||   123
         Plate armour      |       |    47 |    71 |       ||   118
  Dodge: Dodged            |    57 |    51 |    89 |    19 ||   216
  Block: Buckler           |    27 |    37 |    75 |    13 ||   152
